[ AOE2 MATCH · #504945031 ]
UnrankedChinese vs Berbers
Player's team · WIN
Rival team · LOSS
[ REPLAY ANALYSIS · EXTRACTED FROM THE RECORDED GAME ]
Feudal
10:07
Castle
25:21
Imperial
—
| APM avg | 58.9 |
| APM peak | 93 |
| eAPM avg | 25.4 |
| Villagers / military | 58 / 59 |
Focus
⚔️ 32.7% · 🌾 67.3%
Archer ×57 · Spearman ×2
Feudal
12:33
Castle
—
Imperial
—
| APM avg | 30.3 |
| APM peak | 57 |
| eAPM avg | 15.0 |
| Villagers / military | 69 / 23 |
Focus
⚔️ 21.3% · 🌾 78.7%
Skirmisher ×11 · Scout Cavalry ×10 · Archer ×1 · Spearman ×1
Match map
Initial resources + every placement click. Lines = walls · curves = elevation contours. ◆ gold · ⬟ stone · ● berries · ✦ relic · ◌ wall gap
Your base· ✓ Closed at 25:21 · 27t walls · 2 gate(s)
Dodgy Bandit's base· Open — 4t gap
Smoothed initial terrain · ◌ = detected wall gap · hover for details
Inputs per minute
— ☘ [4:20] ☘ Raperzinho11 - - Dodgy Bandit
Build order — ☘ [4:20] ☘ Raperzinho11
First 150 of 181 actions detected
| 0:03 | Research | Loom |
| 0:03 | Research | Loom |
| 0:03 | Research | Loom |
| 0:43 | Queue | Villager (Male) |
| 0:44 | Queue | Villager (Male) |
| 1:11 | Queue | Villager (Male) |
| 1:12 | Queue | Villager (Male) |
| 1:12 | Queue | Villager (Male) |
| 1:44 | Queue | Villager (Male) |
| 1:44 | Queue | Villager (Male) |
| 2:23 | Queue | Villager (Male) |
| 2:23 | Queue | Villager (Male) |
| 2:46 | Build | Lumber Camp |
| 3:01 | Queue | Villager (Male) |
| 3:01 | Queue | Villager (Male) |
| 3:27 | Queue | Villager (Male) |
| 3:27 | Queue | Villager (Male) |
| 3:29 | Build | House |
| 3:31 | Build | House |
| 4:04 | Queue | Villager (Male) |
| 4:05 | Queue | Villager (Male) |
| 4:30 | Queue | Villager (Male) |
| 4:30 | Queue | Villager (Male) |
| 5:46 | Queue | Villager (Male) |
| 5:47 | Queue | Villager (Male) |
| 5:47 | Queue | Villager (Male) |
| 5:47 | Queue | Villager (Male) |
| 6:27 | Queue | Villager (Male) |
| 6:49 | Build | Mill |
| 6:56 | Queue | Villager (Male) |
| 7:57 | Research | Feudal Age |
| 8:07 | Build | Lumber Camp |
| 8:25 | Build | Mining Camp |
| 9:13 | Queue | Villager (Male) |
| 9:13 | Queue | Villager (Male) |
| 9:27 | Build | Barracks |
| 10:07 | Age | Feudal Age |
| 10:17 | Build | Archery Range |
| 10:20 | Queue | Spearman |
| 10:30 | Build | House |
| 10:43 | Queue | Villager (Male) |
| 11:17 | Build | Archery Range |
| 11:32 | Queue | Archer |
| 11:51 | Queue | Villager (Male) |
| 12:00 | Build | House |
| 12:04 | Queue | Villager (Male) |
| 12:13 | Queue | Archer |
| 12:13 | Queue | Archer |
| 12:14 | Queue | Archer |
| 12:14 | Queue | Archer |
| 12:14 | Queue | Archer |
| 12:14 | Queue | Archer |
| 13:05 | Queue | Villager (Male) |
| 13:06 | Queue | Villager (Male) |
| 13:08 | Queue | Archer |
| 13:08 | Queue | Archer |
| 13:08 | Queue | Archer |
| 13:08 | Queue | Archer |
| 13:09 | Queue | Archer |
| 13:20 | Queue | Villager (Male) |
| 13:30 | Queue | Spearman |
| 13:35 | Build | House |
| 13:37 | Build | House |
| 13:39 | Queue | Villager (Male) |
| 13:53 | Build | Blacksmith |
| 13:57 | Build | Farm |
| 14:37 | Queue | Villager (Male) |
| 14:44 | Build | Farm |
| 14:46 | Queue | Archer |
| 14:46 | Queue | Archer |
| 14:46 | Queue | Archer |
| 14:47 | Queue | Archer |
| 14:47 | Queue | Archer |
| 14:56 | Research | Fletching |
| 15:20 | Queue | Villager (Male) |
| 15:20 | Queue | Villager (Male) |
| 15:23 | Build | Farm |
| 15:24 | Build | Farm |
| 15:24 | Build | Farm |
| 15:24 | Build | Farm |
| 15:58 | Queue | Villager (Male) |
| 16:01 | Queue | Archer |
| 16:01 | Queue | Archer |
| 16:01 | Queue | Archer |
| 16:01 | Queue | Archer |
| 16:04 | Build | House |
| 16:05 | Build | House |
| 16:34 | Build | Watch Tower |
| 16:42 | Queue | Archer |
| 16:42 | Queue | Archer |
| 16:43 | Queue | Archer |
| 16:45 | Queue | Villager (Male) |
| 16:45 | Queue | Villager (Male) |
| 16:52 | Build | House |
| 16:57 | Build | Palisade Wall |
| 17:17 | Build | Palisade Wall |
| 17:26 | Build | Palisade Gate |
| 17:34 | Queue | Villager (Male) |
| 17:57 | Queue | Villager (Male) |
| 18:02 | Research | Gold Mining |
| 18:02 | Research | Gold Mining |
| 18:12 | Build | Palisade Wall |
| 18:14 | Build | Palisade Wall |
| 18:17 | Queue | Villager (Male) |
| 18:26 | Build | Farm |
| 18:26 | Build | Farm |
| 18:26 | Build | Farm |
| 18:29 | Queue | Archer |
| 18:30 | Queue | Archer |
| 18:30 | Queue | Archer |
| 19:16 | Build | Farm |
| 19:16 | Build | Farm |
| 19:16 | Build | Farm |
| 19:20 | Build | House |
| 19:26 | Build | Palisade Wall |
| 19:31 | Build | Palisade Gate |
| 19:58 | Queue | Archer |
| 19:59 | Queue | Archer |
| 19:59 | Queue | Archer |
| 19:59 | Queue | Archer |
| 19:59 | Queue | Archer |
| 20:01 | Queue | Archer |
| 20:33 | Queue | Villager (Male) |
| 20:39 | Build | Mining Camp |
| 20:43 | Queue | Villager (Male) |
| 21:40 | Queue | Villager (Male) |
| 21:41 | Queue | Villager (Male) |
| 21:42 | Queue | Archer |
| 21:42 | Queue | Archer |
| 21:42 | Queue | Archer |
| 21:48 | Build | House |
| 21:52 | Research | Castle Age |
| 22:33 | Build | House |
| 22:40 | Queue | Villager (Male) |
| 22:40 | Queue | Villager (Male) |
| 22:46 | Queue | Archer |
| 22:46 | Queue | Archer |
| 22:46 | Queue | Archer |
| 22:46 | Queue | Archer |
| 22:47 | Queue | Archer |
| 22:47 | Queue | Archer |
| 23:23 | Queue | Villager (Male) |
| 24:24 | Queue | Archer |
| 24:24 | Queue | Archer |
| 24:24 | Queue | Archer |
| 24:25 | Queue | Archer |
| 24:25 | Queue | Archer |
| 24:25 | Queue | Archer |
| 24:34 | Research | Stone Mining |
| 24:39 | Research | Double-Bit Axe |
Build order — Dodgy Bandit
First 150 of 185 actions detected
| 0:01 | Queue | Villager (Male) |
| 0:01 | Queue | Villager (Male) |
| 0:01 | Queue | Villager (Male) |
| 0:02 | Queue | Villager (Male) |
| 0:04 | Build | House |
| 0:06 | Build | House |
| 1:29 | Queue | Villager (Male) |
| 1:38 | Build | Lumber Camp |
| 2:07 | Queue | Villager (Male) |
| 2:34 | Queue | Villager (Male) |
| 2:34 | Queue | Villager (Male) |
| 2:52 | Build | House |
| 3:02 | Queue | Villager (Male) |
| 3:02 | Queue | Villager (Male) |
| 3:14 | Build | House |
| 3:35 | Queue | Villager (Male) |
| 4:26 | Queue | Villager (Male) |
| 4:47 | Build | House |
| 4:50 | Build | House |
| 4:52 | Build | House |
| 4:57 | Queue | Villager (Male) |
| 4:58 | Queue | Villager (Male) |
| 5:10 | Queue | Villager (Male) |
| 5:10 | Queue | Villager (Male) |
| 5:55 | Research | Loom |
| 6:32 | Queue | Villager (Male) |
| 6:41 | Queue | Villager (Male) |
| 7:04 | Build | Palisade Wall |
| 7:22 | Queue | Villager (Male) |
| 7:23 | Queue | Villager (Male) |
| 7:23 | Queue | Villager (Male) |
| 8:08 | Queue | Villager (Male) |
| 8:16 | Queue | Villager (Male) |
| 8:33 | Build | Mill |
| 8:48 | Queue | Villager (Male) |
| 8:48 | Queue | Villager (Male) |
| 8:48 | Queue | Villager (Male) |
| 9:20 | Build | Farm |
| 9:30 | Queue | Villager (Male) |
| 9:46 | Queue | Villager (Male) |
| 10:05 | Queue | Villager (Male) |
| 10:14 | Build | Palisade Wall |
| 10:22 | Research | Feudal Age |
| 10:42 | Build | Palisade Wall |
| 10:53 | Build | Mill |
| 11:27 | Queue | Villager (Male) |
| 11:48 | Queue | Villager (Male) |
| 11:55 | Build | Mining Camp |
| 12:02 | Queue | Villager (Male) |
| 12:33 | Age | Feudal Age |
| 12:43 | Build | Barracks |
| 13:01 | Queue | Villager (Male) |
| 13:05 | Research | Double-Bit Axe |
| 13:11 | Build | Palisade Wall |
| 13:16 | Build | Palisade Wall |
| 13:26 | Queue | Villager (Male) |
| 13:36 | Queue | Villager (Male) |
| 13:38 | Queue | Spearman |
| 13:53 | Build | Farm |
| 14:15 | Queue | Villager (Male) |
| 14:29 | Build | Watch Tower |
| 14:36 | Build | Farm |
| 14:39 | Research | Horse Collar |
| 15:08 | Build | Lumber Camp |
| 15:12 | Build | Farm |
| 15:12 | Build | Farm |
| 15:13 | Build | Farm |
| 15:22 | Build | Palisade Wall |
| 15:30 | Queue | Villager (Male) |
| 15:31 | Queue | Villager (Male) |
| 15:31 | Queue | Villager (Male) |
| 15:34 | Build | Farm |
| 15:54 | Build | Palisade Gate |
| 16:01 | Build | Farm |
| 16:01 | Build | Farm |
| 16:14 | Queue | Villager (Male) |
| 16:18 | Build | Farm |
| 16:20 | Queue | Villager (Male) |
| 16:41 | Build | Stable |
| 16:45 | Queue | Villager (Male) |
| 16:59 | Queue | Villager (Male) |
| 17:11 | Build | Blacksmith |
| 17:14 | Build | Farm |
| 17:32 | Queue | Scout Cavalry |
| 17:32 | Queue | Scout Cavalry |
| 17:33 | Queue | Scout Cavalry |
| 17:46 | Build | Farm |
| 17:46 | Build | Farm |
| 17:51 | Build | Farm |
| 17:51 | Build | Farm |
| 17:53 | Queue | Villager (Male) |
| 18:08 | Build | House |
| 18:09 | Build | House |
| 18:11 | Build | House |
| 18:21 | Research | Wheelbarrow |
| 18:33 | Queue | Scout Cavalry |
| 18:34 | Queue | Villager (Male) |
| 19:03 | Queue | Villager (Male) |
| 19:03 | Queue | Villager (Male) |
| 19:16 | Build | Farm |
| 19:16 | Build | Farm |
| 19:16 | Build | Farm |
| 19:17 | Build | Farm |
| 19:17 | Build | Farm |
| 19:23 | Build | Farm |
| 19:29 | Research | Scale Barding Armor |
| 19:58 | Build | Farm |
| 20:01 | Build | Farm |
| 20:04 | Build | Farm |
| 20:08 | Research | Forging |
| 20:10 | Queue | Scout Cavalry |
| 20:12 | Queue | Villager (Male) |
| 20:20 | Build | Lumber Camp |
| 20:49 | Research | Bloodlines |
| 20:50 | Queue | Villager (Male) |
| 20:58 | Build | Lumber Camp |
| 21:21 | Queue | Scout Cavalry |
| 21:23 | Queue | Villager (Male) |
| 21:42 | Queue | Scout Cavalry |
| 21:56 | Queue | Villager (Male) |
| 22:22 | Queue | Scout Cavalry |
| 22:33 | Build | Market |
| 22:38 | Build | Archery Range |
| 22:44 | Queue | Scout Cavalry |
| 22:52 | Queue | Villager (Male) |
| 22:52 | Queue | Villager (Male) |
| 23:05 | Build | Lumber Camp |
| 23:13 | Queue | Villager (Male) |
| 23:31 | Queue | Villager (Male) |
| 23:35 | Build | Farm |
| 23:52 | Build | Farm |
| 24:07 | Build | Farm |
| 24:09 | Queue | Villager (Male) |
| 24:10 | Queue | Villager (Male) |
| 24:18 | Queue | Archer |
| 24:21 | Queue | Skirmisher |
| 24:22 | Queue | Skirmisher |
| 24:24 | Queue | Skirmisher |
| 24:28 | Research | Fletching |
| 24:35 | Build | Mill |
| 24:36 | Build | Farm |
| 24:36 | Build | Farm |
| 24:36 | Build | Farm |
| 24:37 | Build | Farm |
| 24:37 | Build | Farm |
| 24:46 | Queue | Villager (Male) |
| 24:51 | Queue | Skirmisher |
| 25:06 | Build | House |
| 25:07 | Build | House |
| 25:09 | Build | House |
Match timeline
| 7:04 | Dodgy Bandit · wall_segment Palisade Wall x6 |
| 9:27 | ☘ [4:20] ☘ Raperzinho11 · first_building Barracks |
| 10:07 | ☘ [4:20] ☘ Raperzinho11 · age_up feudal |
| 10:14 | Dodgy Bandit · wall_segment Palisade Wall x10 |
| 10:17 | ☘ [4:20] ☘ Raperzinho11 · first_building Archery Range |
| 10:42 | Dodgy Bandit · wall_segment Palisade Wall x8 |
| 12:33 | Dodgy Bandit · age_up feudal |
| 12:43 | Dodgy Bandit · first_building Barracks |
| 13:11 | Dodgy Bandit · wall_segment Palisade Wall x5 |
| 13:16 | Dodgy Bandit · wall_segment Palisade Wall x14 |
| 15:22 | Dodgy Bandit · wall_segment Palisade Wall x8 |
| 16:41 | Dodgy Bandit · first_building Stable |
| 16:57 | ☘ [4:20] ☘ Raperzinho11 · wall_segment Palisade Wall x11 |
| 17:17 | ☘ [4:20] ☘ Raperzinho11 · wall_segment Palisade Wall x7 |
| 18:12 | ☘ [4:20] ☘ Raperzinho11 · wall_segment Palisade Wall x5 |
| 18:14 | ☘ [4:20] ☘ Raperzinho11 · wall_segment Palisade Wall x2 |
| 19:26 | ☘ [4:20] ☘ Raperzinho11 · wall_segment Palisade Wall x3 |
| 22:38 | Dodgy Bandit · first_building Archery Range |
| 25:21 | ☘ [4:20] ☘ Raperzinho11 · age_up castle |
| 25:52 | ☘ [4:20] ☘ Raperzinho11 · first_building Castle |
| 26:57 | Dodgy Bandit · first_market_sell 100 wood |
| 28:20 | Dodgy Bandit · first_market_buy 100 wood |
| 29:34 | ☘ [4:20] ☘ Raperzinho11 · first_building Siege Workshop |
| 29:58 | Dodgy Bandit · resign |
[ AI ANALYSIS · 1 CREDIT ]
What really happened in this match?
Wolo.gg analyzes every decision: build order, eco, micro, common mistakes by bracket. Personalized analysis on WhatsApp or Discord in 30 seconds.
Civ guide
Chinese
Perfil
Jugador #6103593